 Dungeon Crawl Stone Soup version 0.30.0-30-g96aa6591b8 (webtiles) character file.

Game seed: 8502252345367216670

6468 tizbic2 the Trooper (level 10, -4/102 HPs)
             Began as a Troll Transmuter on June 28, 2023.
             Was a Priest of Ashenzari.
             Slain by a purple very ugly thing (30 damage)
             ... on level 2 of the Abyss.
             The game lasted 00:41:13 (6971 turns).

tizbic2 the Trooper (Troll Transmuter)              Turns: 6971, Time: 00:41:14

Health: -4/102     AC: 11    Str: 18      XL:     10   Next: 68%
Magic:  14/14      EV:  8    Int:  4 (7)  God:    Ashenzari [***...]
Gold:   314        SH:  8    Dex:  6 (8)  Spells: 13/16 levels left

rFire   . . .        a - +9 hand axe of the Wild Blue Yonder {drain, Dex+2, Melee, Alch} (curse)
rCold   . . .        D - +0 kite shield
rNeg    . . .        y - +4 troll leather armour of the Bound Awkwardness {Regen+, Pargi, Evo, Fort} (curse)
rPois   .            (helmet restricted)
rElec   .            u - +0 cloak
rCorr   +            (gloves unavailable)
SInv    +            (boots unavailable)
Will    .....        (no amulet)
Stlth   +            h - ring "Cursed With Me" {rCorr, Evo, Elem} (curse)
HPRegen 0.00/turn    c - ring "Share My Portent" {SInv, Cun, Elem} (curse)
MPRegen 0.14/turn

%: clarity
@: sick, unable to read, unable to drink
A: large, unfitting armour, claws 3, regeneration 1, shaggy fur 1, tough skin 1,
talons 1, [clumsy 2], [deterioration 2], [dopey 2], [screaming 2], [weak 2],
[inability to drink after injury 2], [inability to read after injury 2]
a: Renounce Religion, Shatter the Chains


You were on level 2 of the Abyss.
You worshipped Ashenzari.
Ashenzari was most pleased with you.
You visited 2 branches of the dungeon, and saw 10 of its levels.
You visited the Abyss 1 time.
You also visited: Sewer.

You collected 507 gold pieces.
You spent 193 gold pieces at shops.

Inventory:

Hand Weapons
 a - the cursed +9 hand axe of the Wild Blue Yonder (weapon) {drain, Dex+2, Melee, Alch}
   (You found it on level 2 of the Dungeon)

   Dex:       It affects your dexterity (+2).
   It has a curse which improves the following skills: Melee Combat: Short
   Blades, Long Blades, Axes, Maces & Flails, Polearms, Staves and Unarmed
   Combat.
   Alchemy:   Poison Magic and Transmutations.
 k - a +1 mace
 w - a +4 sling
 F - a +1 whip of electrocution
Missiles
 i - 84 stones (quivered)
 p - 3 javelins
 s - 6 boomerangs
 t - 7 poisoned darts
 x - 10 large rocks
 K - a throwing net
Armour
 e - an orb of light
 u - a +0 cloak (worn)
 y - the cursed +4 troll leather armour of the Bound Awkwardness (worn) {Regen+, Pargi, Evo, Fort}
   (You found it in a sewer)

   Regen:     It increases your rate of health regeneration.
   It has a curse which improves the following skills: Evocations: Evocations.
   Fortitude: Armour and Shields.
 D - a +0 kite shield (worn)
Jewellery
 c - the cursed ring "Share My Portent" (right claw) {SInv, Cun, Elem}
   (You found it on level 4 of the Dungeon)

   [ring of see invisible]

   SInv:      It lets you see invisible.
   It has a curse which improves the following skills: Cunning: Dodging and
   Stealth.
   Elements:  Fire Magic, Ice Magic, Air Magic and Earth Magic.
 h - the cursed ring "Cursed With Me" (left claw) {rCorr, Evo, Elem}
   (You found it on level 1 of the Dungeon)

   [ring of resist corrosion]

   rCorr:     It protects you from acid and corrosion.
   It has a curse which improves the following skills: Evocations: Evocations.
   Elements:  Fire Magic, Ice Magic, Air Magic and Earth Magic.
 q - a ring of poison resistance
Wands
 d - a wand of roots (12)
 n - a wand of polymorph (15)
 G - a wand of charming (7)
 I - a wand of mindburst (5)
Scrolls
 f - a scroll of blinking
 m - a scroll of teleportation
 v - a scroll of vulnerability
 B - a scroll of fear
 E - a scroll of fog
Potions
 g - 3 potions of attraction
 j - 3 potions of curing
 l - a potion of brilliance
 o - a potion of berserk rage
 z - a potion of resistance
 A - a potion of cancellation
 J - a potion of might
Miscellaneous
 b - a piece from Xom's chessboard (15/15)
 C - a lightning rod (4/4)
 H - a phial of floods


   Skills:
 * Level 7.0 Fighting
 * Level 6.7(8.3) Axes
 - Level 0.1(4.1) Polearms
 - Level 3.4(4.7) Dodging
 * Level 5.9(7.4) Shields
 - Level 4.5(5.9) Unarmed Combat
 + Level 3.8 Spellcasting
 + Level 4.0(5.4) Transmutations


You had 13 spell levels left.
You knew the following spells:

 Your Spells              Type           Power      Damage    Failure   Level
a - Beastly Appendage     Tmut           10%        N/A       12%         1
b - Wereblood             Tmut           5%         N/A       17%         2

Your spell library contained the following spells:

 Spells                   Type           Power      Damage    Failure   Level
 Spider Form              Tmut/Pois      3%         N/A       69%         3
 Magic Dart               Conj           0%         1d3       71%         1
 Blink                    Tloc           0%         N/A       85%         2
 Call Imp                 Summ           0%         N/A       85%         2
 Searing Ray              Conj           0%         2d4       85%         2
 Sublimation of Blood     Necr           0%         N/A       85%         2
 Mephitic Cloud           Conj/Pois/Air  0%         N/A       96%         3
 Volatile Blastmotes      Fire/Tloc      0%         2d10      96%         3
 Portal Projectile        Hex/Tloc       0%         N/A       97%         3
 Tukima's Dance           Hex            0%         N/A       97%         3
 Ice Form                 Ice/Tmut       3%         N/A       97%         4
 Blade Hands              Tmut           2%         N/A       97%         5
 Fulminant Prism          Conj/Hex       0%         3d5       100%        4
 Iskenderun's Mystic Bla  Conj/Tloc      0%         2d3       100%        4
 Manifold Assault         Tloc           0%         N/A       100%        4
 Agony                    Necr           0%         N/A       100%        5
 Lee's Rapid Deconstruct  Erth           0%         3d4*      100%        5
 Summon Forest            Summ/Tloc      0%         N/A       100%        5
 Dispersal                Tloc           0%         N/A       100%        6
 Eringya's Noxious Bog    Tmut/Pois      1%         N/A       100%        6
 Storm Form               Tmut/Air       1%         N/A       100%        7
 Summon Hydra             Summ           0%         N/A       100%        7
 Disjunction              Tloc           0%         N/A       100%        8
 Necromutation            Tmut/Necr      1%         N/A       100%        8


Dungeon Overview and Level Annotations

Branches:
Dungeon (9/15)             Temple (1/1) D:6            Lair (0/5) D:8
    Orc (0/2) D:9           Sewer (visited)

Altars:
Ashenzari
Cheibriados
Dithmenos
Elyvilon
Fedhas
Gozag
Hepliaklqana
Kikubaaqudgha
Makhleb
Nemelex Xobeh
Okawaru
Qazlal
Ru
Sif Muna
Trog
Uskayaw
Vehumet
Wu Jian
Xom
Yredelemnul
Zin
The Shining One

Shops:
D:1 [   D:4 [!:

Annotations:
D:7 3 runed translucent doors


Innate Abilities, Weirdness & Mutations

You are too large for most types of armour.
You have claws for hands.
Your natural rate of healing is unusually fast.
You are covered in fur. (AC +1)
You have tough skin. (AC +1)
You have sharp toenails.
[You are very clumsy. (Dex -4)]
[Your body often deteriorates upon taking damage.]
[You are very dopey. (Int -4)]
[You frequently scream uncontrollably at your foes.]
[You are very weak. (Str -4)]
[You sometimes lose the ability to drink potions when taking damage.]
[You sometimes lose the ability to read scrolls when taking damage.]


Message History

You feel yourself wasting away.
You feel your body start to fall apart.
Unknown command.
The wretched star pulses with an eldritch light!
You feel weaker. x2
The purple very ugly thing attacks as you move away!
The purple very ugly thing barely misses you.
The purple very ugly thing attacks as you move away!
The purple very ugly thing pecks you!!
Your body deteriorates!
You feel clumsy.
The purple very ugly thing attacks as you move away!
The purple very ugly thing pecks you!!
You feel threatened and lose the ability to read scrolls!
You feel threatened and lose the ability to drink potions!
The purple very ugly thing attacks as you move away!
You block the purple very ugly thing's attack.
You can drink potions again.
The purple very ugly thing pecks you but does no damage.
You feel yourself growing ill in the presence of the ancient zyme.
The purple very ugly thing attacks as you move away!
You block the purple very ugly thing's attack.
A small abomination comes into view.
An ancient zyme comes into view.
You feel ill.
You cannot read scrolls in your current state!
The purple very ugly thing attacks as you move away!
The purple very ugly thing pecks you!!
You feel threatened and lose the ability to drink potions!
* * * LOW HITPOINT WARNING * * *
Your body deteriorates!
You feel dopey.
A large abomination comes into view.
You scream at the large abomination!
You feel ill.
You hear a bark!
You cannot drink potions in your current state!
The purple very ugly thing attacks as you move away!
You block the purple very ugly thing's attack.
The purple very ugly thing attacks as you move away!
The purple very ugly thing pecks you.
* * * LOW HITPOINT WARNING * * *
The purple very ugly thing pecks you!!
You die...

, ,
,####.#...###....
, ,* , .. ...# .
..#.. #. .*
.##*#..#.#........
, , , ,.##..##
..#.#...#.##.
*...#.#,,#..
4....# . * #.X.##.
#....#..# , , ,
*#..#####.##.####
, , #x.....4....♣
, , ,
#@.........##* * *
#.u.xx.....+ ∩ + *
* #####'##.#.# * ,
, { ### ...♣ , * ,
###...#'*, * * *,
* #x... ,, , * ,
,..#. , * ,, , * #
, * * *


You could see a purple very ugly thing, 2 ancient zymes, a large abomination, a
chaos spawn and a small abomination.

Vanquished Creatures
  Pikel (D:6)
  A cyclops (D:7)
  A manticore (D:7)
  A gargoyle (D:7)
  2 trolls
  Prince Ribbit (D:7)
  A slime creature (D:7)
  A steam dragon (D:8)
  A wraith (D:7)
  Menkaure (D:7)
  A water moccasin (D:8)
  A small abomination (Abyss:2)
  Pargi (Sewer)
  4 orc warriors
  2 sky beasts (D:7)
  An ice beast (D:6)
  2 ogres
  5 centaurs
  2 phantoms (D:6)
  The ghost of nogood the Firebug, an amateur DsFE (D:3)
  A kobold brigand (D:3)
  4 lemures (D:6)
  2 bullfrogs
  A gnoll sergeant (D:9)
  4 scorpions
  4 wights
  8 killer bees (D:9)
  A howler monkey (D:7)
  7 orc priests
  5 hounds
  A jelly (D:4)
  4 sleepcaps
  An iguana (D:6)
  An orc wizard (D:8)
  11 adders
  2 gnolls
  A shadow imp (D:7)
  A white imp (D:5)
  An ufetubus (D:5)
  3 worms
  4 dart slugs
  31 orcs
  8 endoplasms
  2 giant cockroaches
  12 goblins
  7 hobgoblins
  6 kobolds
  4 quokkas
  12 ball pythons
  4 bats
  9 frilled lizards
  5 rats
  A starspawn tentacle (Abyss:2)
199 creatures vanquished.

Vanquished Creatures (others)
  A vampire (D:7)
  3 starspawn tentacles (Abyss:2)
4 creatures vanquished.

Grand Total: 203 creatures vanquished

Notes
Turn   | Place    | Note
-------+----------+-------------------------------------------
     0 | D:1      | tizbic2 the Troll Transmuter began the quest for the Orb.
     0 | D:1      | Reached XP level 1. HP: 18/18 MP: 1/1
   119 | D:1      | Reached skill level 1 in Fighting
   125 | D:1      | Reached XP level 2. HP: 27/27 MP: 3/3
   178 | D:1      | Found Neoblayhet's Antique Armour Emporium.
   560 | D:1      | Learned a level 2 spell: Wereblood
   675 | D:2      | Reached XP level 3. HP: 32/33 MP: 4/4
   679 | D:2      | Found Geschuhi's Antique Weapon Emporium.
   810 | D:2      | Identified the +9 hand axe of the Hurtling Gods {drain,
                  | Dex+2}
  1049 | D:3      | Reached XP level 4. HP: 42/42 MP: 5/5
  1069 | D:3      | Found an ornate altar of the Wu Jian Council.
  1180 | D:3      | Reached skill level 1 in Axes
  1263 | D:3      | Reached skill level 2 in Fighting
  1281 | D:3      | Reached XP level 5. HP: 37/49 MP: 6/6
  1326 | D:3      | Found a runed translucent gate.
  1326 | D:3      | Found a runed translucent gate.
  1327 | D:3      | Found a runed translucent gate.
  1331 | D:3      | Found an opulent altar of Gozag.
  1333 | D:3      | Noticed nogood's ghost (amateur DsFE)
  1342 | D:3      | Killed nogood's ghost
  1344 | D:3      | Reached XP level 6. HP: 45/59 MP: 7/7
  1670 | D:4      | Noticed an orc warrior
  1686 | D:4      | Killed an orc warrior
  1687 | D:4      | Reached skill level 3 in Fighting
  1763 | D:4      | Found Wiofigut's Book Shop.
  1899 | D:4      | Found Roach's Armour Boutique.
  1904 | D:4      | Bought a +0 cloak for 63 gold pieces
  1941 | D:4      | Found a glowing drain.
  1952 | Sewer    | Entered a sewer
  1956 | Sewer    | Reached XP level 7. HP: 67/67 MP: 9/9
  2026 | Sewer    | Noticed Pargi
  2030 | Sewer    | Killed Pargi
  2103 | D:4      | Found Vimezo's Distillery.
  2111 | D:4      | Bought a potion of mutation for 80 gold pieces
  2111 | D:4      | Bought a potion of heal wounds for 50 gold pieces
  2112 | D:4      | Gained mutation: Your magical capacity is low. (-10% MP)
                  | [potion of mutation]
  2113 | D:4      | Lost mutation: Your magical capacity is low. (-10% MP)
                  | [potion of mutation]
  2113 | D:4      | Gained mutation: Your skin changes colour to match your
                  | surroundings (Stealth+). [potion of mutation]
  2113 | D:4      | Gained mutation: Your system is resistant to poisons.
                  | (rPois) [potion of mutation]
  2504 | D:5      | Entered Level 5 of the Dungeon
  3081 | D:5      | Identified the +0 robe "Meahopn" {rN+ Int-4 Dex+3}
  3473 | D:6      | Reached skill level 4 in Fighting
  3473 | D:6      | Reached XP level 8. HP: 78/78 MP: 10/10
  3580 | D:6      | Noticed Pikel
  3601 | D:6      | Reached skill level 1 in Shields
  3639 | D:6      | Killed Pikel
  3652 | D:6      | Found a staircase to the Ecumenical Temple.
  3666 | Temple   | Entered the Ecumenical Temple
  3860 | Temple   | Became a worshipper of Ashenzari the Shackled
  3974 | D:6      | Lost mutation: Your skin changes colour to match your
                  | surroundings (Stealth+). [potion of mutation]
  3974 | D:6      | Lost mutation: Your system is resistant to poisons. (rPois)
                  | [potion of mutation]
  3974 | D:6      | Gained mutation: You are frail. (-10% HP) [potion of
                  | mutation]
  3974 | D:6      | Gained mutation: Your magical capacity is low. (-10% MP)
                  | [potion of mutation]
  3974 | D:6      | Gained mutation: You possess an exceptional clarity of
                  | mind. [potion of mutation]
  3975 | D:6      | Lost mutation: You are frail. (-10% HP) [potion of
                  | mutation]
  3975 | D:6      | Lost mutation: You possess an exceptional clarity of mind.
                  | [potion of mutation]
  3975 | D:6      | Lost mutation: Your magical capacity is low. (-10% MP)
                  | [potion of mutation]
  3975 | D:6      | Gained mutation: You have a pair of small horns on your
                  | head. [potion of mutation]
  3975 | D:6      | Lost mutation: You have a pair of small horns on your head.
                  | [potion of mutation]
  3975 | D:6      | Gained mutation: You have sharp toenails. [potion of
                  | mutation]
  4103 | D:6      | Reached skill level 5 in Fighting
  4194 | D:7      | Reached XP level 9. HP: 88/88 MP: 12/12
  4321 | D:7      | Noticed Menkaure
  4329 | D:7      | Killed Menkaure
  4363 | D:7      | Reached skill level 5 in Axes
  4479 | D:7      | Noticed Prince Ribbit
  4490 | D:7      | Killed Prince Ribbit
  4641 | D:7      | Noticed a gargoyle
  4641 | D:7      | Noticed a manticore
  4641 | D:7      | Noticed a cyclops
  4690 | D:7      | Killed a gargoyle
  4710 | D:7      | Killed a manticore
  4711 | D:7      | Reached skill level 6 in Fighting
  4760 | D:7      | Killed a cyclops
  4761 | D:7      | Reached XP level 10. HP: 78/98 MP: 14/14
  4785 | D:7      | Reached skill level 5 in Shields
  4792 | D:7      | Got the Catalogue of the Dead
  4804 | D:7      | Found a runed translucent door.
  4805 | D:7      | Noticed a brown ugly thing
  4806 | D:7      | Found a runed translucent door.
  4806 | D:7      | Found a runed translucent door.
  4963 | D:7      | Found a sacrificial altar of Ru.
  5174 | D:8      | Found a staircase to the Lair.
  5609 | D:8      | Found a bloodstained altar of Trog.
  6406 | D:9      | Reached * piety under Ashenzari
  6509 | D:9      | Found a glowing golden altar of the Shining One.
  6584 | D:9      | Found a staircase to the Orcish Mines.
  6603 | Abyss:1  | Cast into level 1 of the Abyss (gnoll sergeant)
  6652 | Abyss:1  | Noticed a large abomination
  6652 | Abyss:1  | Noticed a starcursed mass
  6659 | Abyss:1  | Paralysed by accursed screaming for 1 turns
  6691 | Abyss:2  | Reached ** piety under Ashenzari
  6698 | Abyss:2  | Noticed a bone dragon
  6733 | Abyss:2  | Noticed an apocalypse crab
  6735 | Abyss:2  | Noticed a starcursed mass
  6739 | Abyss:2  | Noticed a starcursed mass
  6771 | Abyss:2  | Noticed a worldbinder
  6778 | Abyss:2  | Noticed a wretched star
  6780 | Abyss:2  | Found a corrupted altar of Lugonu.
  6793 | Abyss:2  | Noticed a thrashing horror
  6802 | Abyss:2  | Noticed a tentacled starspawn
  6808 | Abyss:2  | Noticed a smoke demon
  6830 | Abyss:2  | Noticed a tentacled starspawn
  6863 | Abyss:2  | Reached *** piety under Ashenzari
  6866 | Abyss:2  | Noticed a tentacled starspawn
  6878 | Abyss:2  | Reached skill level 7 in Fighting
  6927 | Abyss:2  | Noticed a purple very ugly thing
  6943 | Abyss:2  | Noticed a wretched star
  6971 | Abyss:2  | Slain by a purple very ugly thing

Illustrated notes

Levels and vault maps discovered:
D:1:      saegor_arrival_simple_e, layout_basic, serial_shops,
          nicolae_shop_real_fake_doors, grunt_decor_fettered,
          minmay_misc_feat_chi, chequers_serial_rivers_large_a,
          minmay_misc_feat_plants, minmay_strange_pillars
D:2:      layout_rooms, serial_shops, shop
D:3:      layout_basic, lemuel_tele_altar, ebering_ghost_gozag, corexii_shack
D:4:      wad_pebble_path, layout_basic, portal_sewer_entry_d, serial_shops,
          shop, shop, nicolae_shop_tiny_real_fake_doors
D:5:      layout_loops_corners, nrook_loot_triangle
D:6:      layout_cave_pools, minmay_temple_entry_stoned_glass, st_stairs_7,
          uniq_pikel
D:7:      minmay_the_grid_triangle_9x9_recursive_2
          [minmay_the_grid_triangle_9x9_prize_insulated,
          minmay_the_grid_triangle_9x9_limited_checkers,
          minmay_the_grid_triangle_9x9_fully_insulated_deathbox,
          minmay_the_grid_triangle_9x9_longest], layout_basic,
          nicolae_ru_path_of_blood, uniq_menkaure, uniq_prince_ribbit1
D:8:      layout_basic, bloody_trog, dpeg_oklobed_lair, enter_bailey_7
D:9:      layout_roguey, tso_metal_star, kennysheep_orc_monster_closet_entryway
Temple:   nicolae_temple_bog_church
Abyss:2:  base: D:1, spicy_abyss_pitcher_plant

Skill      XL: |  1  2  3  4  5  6  7  8  9 10 |
---------------+-------------------------------+-----
Fighting       | 1 2 3 4 5 6 7 |  7.0
Dodging        | 2 3 |  3.4
Axes           | 1 2 3 4 6 |  6.7
Unarmed Combat | 4 |  4.5
Spellcasting   | 2 3 |  3.8
Transmutations | 2 3 4 |  4.0
Shields        | 2 4 5 |  5.9
Polearms       | |  0.1

Action                     |  1- 3 |  4- 6 |  7- 9 | 10-12 || total
---------------------------+-------+-------+-------+-------++-------
  Melee: Unarmed           |    52 |       |       |       ||    52
         Kick              |     1 |       |    16 |    29 ||    46
         Spear             |     9 |       |       |       ||     9
         Hand axe          |    13 |    61 |   194 |    92 ||   360
         Headbutt          |       |     1 |       |     2 ||     3
   Fire: Sling             |       |       |    14 |       ||    14
   Cast: Beastly Appendage |     2 |     3 |     2 |     1 ||     8
         Wereblood         |       |       |       |     4 ||     4
 Invoke: Curse Item        |       |       |       |     4 ||     4
    Use: Scroll            |     1 |     7 |    12 |     7 ||    27
         Potion            |       |       |    10 |     1 ||    11
 Armour: Robe              |    18 |    18 |     2 |       ||    38
         Troll leather arm |       |       |    90 |    74 ||   164
         Skin              |       |       |    18 |       ||    18
  Dodge: Dodged            |    26 |    30 |    96 |    62 ||   214
  Block: Kite shield       |       |       |    52 |   103 ||   155
